 Dungeon Sprint DCSS version 0.19.4-8-ga85b6b9 (webtiles) character file.

6300000 doot the Middleweight Champion (level 27, -46/273 HPs)
             Began as a Ghoul Berserker on Feb 14, 2017.
             Was the Champion of Makhleb.
             Annihilated by a sculptor of flesh
             ... wielding a +9 great sword
              (172 damage)
             ... in the Dungeon (Sprint VIII: "Arena of Blood").
             The game lasted 00:05:05 (63 turns).

doot the Middleweight Champion (Ghoul Berserker)      Turns: 63, Time: 00:05:05

Health: -46/273    AC:  4    Str: 24    XL:     27
Magic:  29/53      EV: 17    Int:  3    God:    Makhleb [******]
Gold:   0          SH:  0    Dex: 17    Spells: 0 memorised, 80 levels left

rFire  . . .     SeeInvis .     i - +∞ Axe of Woe
rCold  + . .     Gourm    .     a - +0 animal skin
rNeg   + + +     Faith    .     (shield currently unavailable)
rPois  ∞         Spirit   .     (no helmet)
rElec  .         Reflect  .     (no cloak)
rCorr  .         Harm     .     (no gloves)
MR     ++...     NoTele   +     (no boots)
Stlth  +++++++++.               (no amulet)
                                (no ring)
                                (no ring)

@: held, rotting
A: rotting body, claws 1, carnivore 3, cold resistance 1, negative energy
resistance 3, slow regeneration 1, torment resistance, unbreathing
a: Minor Destruction, Lesser Servant of Makhleb, Major Destruction, Greater
Servant of Makhleb, Renounce Religion


You were in the Dungeon.
You worshipped Makhleb.
Makhleb was exalted by your worship.
You were not hungry.

You visited 1 branch

Inventory:

Hand Weapons
 i - the +∞ Axe of Woe (weapon)
   (You found it in the Dungeon)
Armour
 a - a +0 animal skin (worn)
Scrolls
 h - a scroll of blinking
Potions
 c - a potion of curing
 d - a potion of heal wounds
 e - a potion of haste
 f - 2 potions of magic
 g - a potion of berserk rage
Comestibles
 b - a meat ration


   Skills:
 O Level 27 Fighting
 O Level 27 Axes
 O Level 27 Throwing
 O Level 27 Armour
 O Level 27 Dodging
 O Level 27 Stealth
 O Level 27 Unarmed Combat
 O Level 27 Spellcasting
 O Level 27 Invocations


You had 80 spell levels left.
You didn't know any spells.

Dungeon Overview and Level Annotations

Branches:
Dungeon (1/1)

Altars:
Makhleb

Annotations:
D The Captor


Innate Abilities, Weirdness & Mutations

Your body is rotting away.
You thrive on raw meat.
You are immune to poison.
You have sharp fingernails.
You are carnivorous and can eat meat at any time.
Your flesh is cold resistant. (rC+)
You are immune to negative energy. (rN+++)
You regenerate slowly when monsters are visible.
You are immune to unholy pain and torment.
You can survive without breathing.


Message History

You disentangle yourself.
The meat beast bites you!!
The meat beast tramples you but does no damage.
You hear a shout!
The meat berserker rages.
The meat beast bites you! The meat beast misses you.
You hear a shout! x5
The tyrant casts a spell.
The tyrant seems to speed up.
The Captor points at you and mumbles some strange words.
The stream of webbing hits you!
You are caught in a web!
The accursed gestures at you while chanting.
Something smites you!
You hear a shout! x4
The meat beast bites you. The meat beast tramples you!
You hold your ground!
You struggle to detach yourself from the web.
The meat beast bites you! The meat beast tramples you!
You hold your ground!
You hear a shout!
The sculptor of flesh hits you with a +9 great sword!!!!!
Ouch! That really hurt!
You die...

................
.........%.%....
#.......M.......
............W..
..LL@.......
#.o....%#
#.)oOx..#
...###).M@z..###.
......))2##%.....
#...%.))._.......
......#.....#.%..
......#_.<._# ...
......#.....# ..
#........_..... .
........###......
...###... ..###.


You could see 2 accurseds, a meat beast, 2 tyrants, a sculptor of flesh, a
dread, The Captor, a meat berserker (berserk), 2 bags of meat and a crawling
corpse.

Vanquished Creatures
  8 vampire knights (D)
  19 ogres (D)
  A lich (D)
  A hydra (D)
  37 orcs (D)
  4 hill giants (D)
  3 skeletal warriors (D)
  5 large abominations (D)
  4 small abominations (D)
  6 crawling corpses (D)
88 creatures vanquished.

Vanquished Creatures (others)
  A crawling corpse (D)
1 creature vanquished.

Grand Total: 89 creatures vanquished

Notes
Turn   | Place    | Note
-------+----------+-------------------------------------------
     0 | D        | doot the Ghoul Berserker began the quest for the Orb.
     0 | D        | Reached XP level 1. HP: 19/19 MP: 0/0
     3 | D        | Noticed a meat berserker
     4 | D        | Fell from the grace of Trog
     4 | D        | Became a worshipper of Makhleb the Destroyer
     5 | D        | Noticed a meat berserker
     6 | D        | Killed a meat berserker
     6 | D        | Reached skill level 5 in Axes
     6 | D        | Reached skill level 10 in Armour
     6 | D        | Reached skill level 10 in Dodging
     6 | D        | Reached XP level 2. HP: 59/59 MP: 1/1
     6 | D        | Reached XP level 3. HP: 66/66 MP: 2/2
     6 | D        | Reached XP level 4. HP: 74/74 MP: 3/3
     6 | D        | Reached XP level 5. HP: 81/81 MP: 4/4
     6 | D        | Reached XP level 6. HP: 90/90 MP: 5/5
     6 | D        | Reached XP level 7. HP: 96/96 MP: 6/6
     6 | D        | Reached XP level 8. HP: 105/105 MP: 7/7
     6 | D        | Reached XP level 9. HP: 112/112 MP: 8/8
     6 | D        | Reached XP level 10. HP: 121/121 MP: 9/9
     6 | D        | Reached XP level 11. HP: 127/127 MP: 10/10
     6 | D        | Reached XP level 12. HP: 136/136 MP: 11/11
     6 | D        | Reached XP level 13. HP: 143/143 MP: 12/12
     7 | D        | Noticed a bag of meat
     7 | D        | Noticed a bag of meat
     8 | D        | Noticed a bag of meat
     8 | D        | Killed a meat berserker
     8 | D        | Reached * piety under Makhleb
     8 | D        | Reached XP level 14. HP: 94/160 MP: 13/13
     9 | D        | Noticed a meat berserker
     9 | D        | Noticed a meat berserker
     9 | D        | Noticed a bag of meat
    10 | D        | Killed a meat berserker
    10 | D        | Reached skill level 27 in Unarmed Combat
    10 | D        | Reached XP level 15. HP: 98/173 MP: 14/14
    11 | D        | Noticed a meat berserker
    11 | D        | Noticed a meat berserker
    11 | D        | Killed a meat berserker
    11 | D        | Reached skill level 27 in Fighting
    11 | D        | Reached XP level 16. HP: 11/183 MP: 15/15
    11 | D        | Reached ** piety under Makhleb
    11 | D        | Reached skill level 15 in Axes
    11 | D        | Reached XP level 17. HP: 58/191 MP: 16/16
    13 | D        | Noticed a large bag of meat
    13 | D        | Noticed a meat berserker
    13 | D        | Noticed a meat berserker
    14 | D        | Killed a meat berserker
    14 | D        | Reached *** piety under Makhleb
    14 | D        | Reached XP level 18. HP: 31/200 MP: 17/17
    14 | D        | Killed a meat berserker
    15 | D        | Noticed a meat berserker
    15 | D        | Noticed a meat berserker
    15 | D        | Killed a meat berserker
    15 | D        | Reached **** piety under Makhleb
    15 | D        | Reached XP level 19. HP: 207/207 MP: 18/18
    16 | D        | Killed a meat berserker
    16 | D        | Reached skill level 27 in Axes
    16 | D        | Reached skill level 27 in Dodging
    18 | D        | Killed a meat berserker
    18 | D        | Reached skill level 27 in Armour
    18 | D        | Reached XP level 20. HP: 172/216 MP: 19/19
    20 | D        | Killed a meat berserker
    20 | D        | Reached ***** piety under Makhleb
    20 | D        | Reached skill level 10 in Spellcasting
    20 | D        | Reached skill level 15 in Invocations
    20 | D        | Reached XP level 21. HP: 224/224 MP: 19/36
    21 | D        | Reached skill level 15 in Throwing
    21 | D        | Reached skill level 15 in Spellcasting
    23 | D        | Noticed a meat berserker
    23 | D        | Reached XP level 22. HP: 233/233 MP: 19/43
    24 | D        | Reached ****** piety under Makhleb
    25 | D        | Reached skill level 27 in Stealth
    26 | D        | Reached skill level 27 in Invocations
    26 | D        | Reached XP level 23. HP: 240/240 MP: 20/48
    26 | D        | Noticed a destroyer
    28 | D        | Reached skill level 27 in Throwing
    28 | D        | Reached skill level 27 in Spellcasting
    31 | D        | Noticed a destroyer
    32 | D        | Noticed a destroyer
    32 | D        | Reached XP level 24. HP: 221/249 MP: 21/53
    35 | D        | Noticed a destroyer
    35 | D        | Killed a destroyer
    36 | D        | Killed a destroyer
    36 | D        | Reached XP level 25. HP: 257/257 MP: 22/53
    36 | D        | Killed a destroyer
    36 | D        | Killed a destroyer
    36 | D        | Reached XP level 26. HP: 266/266 MP: 22/53
    37 | D        | Noticed a destroyer
    40 | D        | Reached XP level 27. HP: 273/273 MP: 23/53
    41 | D        | Noticed a destroyer
    43 | D        | Killed a destroyer
    47 | D        | Killed a destroyer
    48 | D        | Noticed a destroyer
    49 | D        | Noticed an accursed
    52 | D        | Noticed a destroyer
    54 | D        | Noticed a tyrant
    55 | D        | Noticed a tyrant
    55 | D        | Noticed an accursed
    58 | D        | Noticed a tyrant
    59 | D        | Noticed The Captor
    59 | D        | Killed a destroyer
    59 | D        | Killed a tyrant
    60 | D        | Noticed a meat beast
    61 | D        | Noticed a dread
    61 | D        | Killed a destroyer
    63 | D        | Annihilated by a sculptor of flesh

Skill      XL: |  1  2  3  4  5  6  7  8  9 10 11 12 13 14 15 16 17 18 19 20 21 22 23 |
---------------+----------------------------------------------------------------------+-----
Fighting       | 21 24 26 27 | 27.0
Axes           | 5 7 8 13 16 21 26 27 | 27.0
Armour         | 10 12 13 16 19 21 24 27 | 27.0
Dodging        | 10 12 13 17 19 22 25 27 | 27.0
Unarmed Combat | 21 24 27 | 27.0
Throwing       | 13 19 23 27 | 27.0
Stealth        | 16 24 27 | 27.0
Spellcasting   | 12 18 22 27 | 27.0
Invocations    | 15 22 27 | 27.0

Action                   |  1- 3 |  4- 6 |  7- 9 | 10-12 | 13-15 | 16-18 | 19-21 | 22-24 | 25-27 || total
-------------------------+-------+-------+-------+-------+-------+-------+-------+-------+-------++-------
Melee: Executioner's axe |     1 |       |       |       |     3 |     3 |     7 |    10 |    23 ||    47
Invok: Greater Servant o |       |       |       |       |       |       |       |     3 |     2 ||     5
Armor: Animal skin       |       |       |       |       |       |       |       |       |     1 ||     1
Dodge: Dodged            |       |       |       |       |       |       |       |       |     4 ||     4
